AoeStats
← MeowMe

Arena

504974854Analyzed
4v4 RM · 24d ago on Sep 7, 2026· 59m 8s· 8 players
Game mode
Random Map
Map size
Large (8 player)
Population
200
Speed
Normal
Resources
Standard
Victory
Conquest
Starting age
Dark Age
Ending age
Imperial Age
RankedLock teamsTeams togetherTeam positionsShared explorationLock speedFull tech treeHidden civsTurbo modeCheats
Victory
Defeat
🇨🇳 Aztecs · China
1509
+15
🇨🇳 Mongols · China
1494
+16
🇻🇳 Vikings · Vietnam
1468
+17
🇨🇳 Berbers · China
1403
+19
🇧🇾 Celts · Belarus
1541
-19
🇩🇪 Cumans · Germany
1493
-17
🇷🇺 Bohemians · Russia
1455
-16
🇬🇪 Slavs · Georgia
1453
-15
牛比无极限
5:42 Loom
7:54 Feudal Age
8:54 Double-Bit Axe
22:57 Castle Age
21:13 Horse Collar
25:12 Fortified Wall
26:25 Wheelbarrow
26:12 Bow Saw
26:05 Heavy Plow
30:33 Gold Mining
30:41 Stone Mining
35:07 Imperial Age
33:02 Ballistics
32:43 Gold Mining
33:33 Stone Shaft Mining
33:20 Hand Cart
34:50 Fletching
35:09 Nomads
35:27 Bodkin Arrow
35:32 Padded Archer Armor
36:18 Conscription
35:50 Elite Mangudai
36:34 Bracer
36:53 Leather Archer Armor
37:19 Bloodlines
37:10 Husbandry
37:18 Thumb Ring
38:04 Scale Mail Armor
38:15 Forging
39:08 Chemistry
38:05 Pikeman
38:45 Squires
38:46 Arson
39:18 Chain Mail Armor
39:39 Iron Casting
39:24 Caravan
40:45 Capped Ram
41:46 Drill
42:21 Parthian Tactics
42:47 Plate Mail Armor
43:18 Blast Furnace
41:47 Siege Ram
54:08 Scale Barding Armor
53:30 Light Cavalry
59:01 Spies/Treason
G.E.M
10:53 Feudal Age
14:56 Castle Age
13:04 Double-Bit Axe
14:37 Horse Collar
16:01 Loom
27:26 Wheelbarrow
27:38 Eagle Warrior
29:00 Squires
29:16 Scale Mail Armor
29:59 Forging
32:22 Hand Cart
32:56 Chain Mail Armor
34:22 Iron Casting
33:47 Pikeman
35:58 Gold Mining
40:04 Imperial Age
38:31 Town Watch
39:52 Heavy Plow
40:15 Elite Eagle Warrior
42:25 Garland Wars
43:11 Plate Mail Armor
52:04 Fletching
54:45 Blast Furnace
57:25 Bodkin Arrow
59:19 Crop Rotation
网恋被骗50块
6:06 Loom
11:06 Feudal Age
15:17 Castle Age
13:20 Double-Bit Axe
13:39 Horse Collar
16:09 Bloodlines
17:58 Bow Saw
19:06 Scale Barding Armor
25:26 Wheelbarrow
26:28 Hand Cart
26:35 Hand Cart
27:17 Heavy Plow
28:18 Stone Mining
31:15 Gold Mining
32:16 Stone Shaft Mining
33:40 Chain Barding Armor
33:31 Forging
36:00 Imperial Age
33:16 Town Watch
34:19 Gold Shaft Mining
34:57 Husbandry
36:49 Iron Casting
36:05 Fletching
36:01 Treadmill Crane
36:42 Ballistics
36:04 Heavy Camel Rider
38:00 Plate Barding Armor
37:22 Bodkin Arrow
38:30 Chemistry
37:28 Murder Holes
39:07 Conscription
40:48 Blast Furnace
39:49 Bracer
39:57 Padded Archer Armor
40:03 Cavalier
41:32 Kasbah
41:35 Maghrebi Camels
42:12 Hoardings
42:38 Elite Camel Archer
45:01 Leather Archer Armor
44:12 Light Cavalry
45:01 Siege Engineers
45:07 Masonry
47:01 Hussar
57:28 Ring Archer Armor
Cuong Boss
8:52 Feudal Age
14:32 Castle Age
12:37 Double-Bit Axe
15:14 Horse Collar
20:46 Loom
21:28 Heavy Plow
23:37 Bow Saw
28:08 Imperial Age
25:49 Gold Mining
26:39 Stone Mining
27:24 Gold Shaft Mining
26:55 Pikeman
27:51 Squires
27:52 Scale Mail Armor
28:48 Chain Mail Armor
29:53 Fletching
31:02 Plate Mail Armor
32:01 Forging
32:36 Ballistics
33:57 Treadmill Crane
38:30 Bodkin Arrow
39:21 Conscription
42:04 Two-Man Saw
43:39 Crop Rotation
45:27 Bracer
46:56 Iron Casting
47:26 Chieftains
50:16 Blast Furnace
51:47 Capped Ram
52:24 Crossbowman
SiraZaika
8:34 Loom
10:20 Feudal Age
15:54 Castle Age
15:21 Fletching
21:48 Bodkin Arrow
27:58 Fervor
28:52 Double-Bit Axe
29:48 Sanctity
31:56 Redemption
33:16 Wheelbarrow
35:04 Fortified Wall
37:12 Horse Collar
41:05 Imperial Age
38:59 Scale Mail Armor
39:14 Pikeman
39:55 Squires
40:13 Chain Mail Armor
41:30 Chemistry
41:36 Hand Cart
41:24 Padded Archer Armor
41:46 Ballistics
41:39 Elite Skirmisher
43:48 Bracer
44:03 Leather Archer Armor
44:23 Bow Saw
45:10 Onager
49:09 Halberdier
53:29 Leather Archer Armor
53:25 Forging
OLADUSHEK
9:46 Feudal Age
9:36 Loom
13:40 Castle Age
11:56 Double-Bit Axe
12:20 Gold Mining
22:19 Bow Saw
28:25 Wheelbarrow
29:05 Town Watch
31:13 Ballistics
30:43 Horse Collar
32:56 Hand Cart
33:28 Heavy Plow
37:54 Imperial Age
36:46 Gold Shaft Mining
38:13 Heavy Scorpion
39:10 Furor Celtica
40:22 Chemistry
41:12 Siege Engineers
43:36 Stone Mining
44:10 Town Patrol
43:57 Treadmill Crane
44:27 Masonry
45:56 Capped Ram
46:41 Siege Ram
48:24 Fletching
49:52 Conscription
49:23 Stronghold
MeowMe
12:20 Feudal Age
13:20 Double-Bit Axe
15:58 Castle Age
14:53 Horse Collar
19:28 Bow Saw
19:20 Loom
20:11 Wheelbarrow
25:02 Heavy Plow
26:21 Gold Mining
26:21 Stone Mining
30:10 Imperial Age
27:58 Hand Cart
27:28 Town Watch
28:40 Scale Mail Armor
28:50 Forging
29:33 Gold Shaft Mining
28:33 Pikeman
29:14 Squires
29:40 Chain Mail Armor
30:22 Ballistics
30:13 Fortified Wall
30:01 Murder Holes
31:43 Plate Mail Armor
31:48 Iron Casting
31:05 Fletching
31:22 Guard Tower
31:18 Man-at-Arms
31:29 Halberdier
32:47 Druzhina
32:52 Long Swordsman
35:14 Blast Furnace
34:09 Bodkin Arrow
33:49 Two-Handed Swordsman
35:46 Detinets
36:06 Conscription
36:03 Champion
38:11 Hoardings
40:27 Scale Barding Armor
44:05 Coinage
43:36 Caravan
47:16 Banking
51:32 Chemistry
50:38 Siege Engineers
50:43 Masonry
Tsunade
8:48 Feudal Age
9:22 Double-Bit Axe
9:18 Horse Collar
19:37 Castle Age
19:08 Wheelbarrow
19:00 Bloodlines
19:11 Scale Barding Armor
19:47 Forging
20:46 Chain Barding Armor
20:36 Bow Saw
22:43 Heavy Plow
24:05 Hand Cart
26:08 Gold Mining
27:04 Town Watch
27:06 Loom
28:11 Gold Shaft Mining
30:58 Imperial Age
30:07 Iron Casting
29:20 Light Cavalry
30:40 Stone Mining
31:56 Cavalier
33:13 Plate Barding Armor
33:39 Blast Furnace
33:40 Two-Man Saw
33:11 Crop Rotation
32:30 Hussar
33:45 Paladin
38:14 Coinage
37:55 Guilds
39:20 Fletching
39:52 Ballistics
40:33 Chemistry
46:28 Bodkin Arrow
47:05 Banking
48:48 Conscription
48:30 Steppe Husbandry
48:36 Murder Holes
48:52 Masonry
48:54 Town Patrol
Connection lost

Rejoining the realm…

Still unreachable

The connection could not be restored.

Session expired

The server has moved on; the page needs a fresh start.